 Dungeon Crawl Stone Soup version 0.19-a0-1457-g32fba05 (webtiles) character file.

1765 poirepourri the Covert (level 8, -4/37 HPs)
             Began as a Spriggan Enchanter on Sept 6, 2016.
             Was an Initiate of Dithmenos.
             Slain by a killer bee (6 damage)
             ... on level 6 of the Dungeon.
             The game lasted 00:16:23 (9892 turns).

poirepourri the Covert (Spriggan Enchanter)         Turns: 9892, Time: 00:16:24

Health: -4/37      AC:  4    Str:  4    XL:     8   Next: 79%
Magic:  2/19       EV: 21    Int: 17    God:    Dithmenos [......]
Gold:   428        SH:  0    Dex: 18    Spells: 5 memorised, 9 levels left

rFire  . . .     SeeInvis +     a - +2 dagger
rCold  . . .     Gourm    .     b - +2 robe
rNeg   . . .     Faith    .     (shield restricted)
rPois  .         Spirit   .     (helmet restricted)
rElec  .         Dismiss  .     (no cloak)
rCorr  .         Reflect  .     (gloves unavailable)
MR     +....     Harm     .     (boots unavailable)
Stlth  ++++++....               (no amulet)
                                (no ring)
                                (no ring)

@: lethally poisoned (-4 -> -10), very quick
A: unfitting armour, see invisible, herbivore 3, speed 3, slow metabolism 2
a: Renounce Religion


You were on level 6 of the Dungeon.
You worshipped Dithmenos.
Dithmenos was noncommittal.
You were full.

You visited 2 branches of the dungeon, and saw 8 of its levels.

You collected 428 gold pieces.

Inventory:

Hand Weapons
 a - a +2 dagger (weapon)
 n - a +1 dagger of holy wrath
Missiles
 f - 82 stones (quivered)
Armour
 b - a +2 robe (worn)
 o - a +1 buckler
Jewellery
 y - an uncursed amulet of magic regeneration {unknown}
Wands
 l - a wand of disintegration (22/24)
 p - a wand of enslavement (14/24)
 w - a wand of polymorph (5/24)
 x - a wand of lightning (7/15)
Scrolls
 e - a scroll of identify
 g - a scroll of fog
 q - 2 scrolls of recharging
 v - a scroll of remove curse
Potions
 d - 2 potions of might
 h - 2 potions of cure mutation
 j - a potion of cancellation
 m - a potion of invisibility {unknown}
 r - a potion of lignification {unknown}
 s - 2 potions of degeneration
 u - 2 potions of flight
Books
 c - a book of Maledictions

   Spells                             Type                      Level
   a - Corona                         Hexes                        1
   b - Ensorcelled Hibernation        Hexes/Ice                    2
   c - Confuse                        Hexes                        3
   d - Tukima's Dance                 Hexes                        3
   e - Dazzling Spray                 Conjuration/Hexes            3
Comestibles
 i - 2 bread rations


   Skills:
 + Level 0.7 Fighting
 + Level 2.7 Short Blades
 + Level 5.4 Dodging
 + Level 11.1 Stealth
 + Level 7.1 Spellcasting
 + Level 7.5 Hexes
 - Level 1.3 Ice Magic


You had 9 spell levels left.
You knew the following spells:

 Your Spells              Type           Power        Failure   Level  Hunger
a - Corona                Hex            ####...      1%          1    None
b - Ensorcelled Hibernat  Hex/Ice        ###...       2%          2    None
c - Confuse               Hex            ####....     1%          3    ##.....
d - Tukima's Dance        Hex            ####....     1%          3    ##.....
e - Dazzling Spray        Conj/Hex       ###...       10%         3    ##.....


Dungeon Overview and Level Annotations

Branches:
Dungeon (7/15)             Temple (1/1) D:6

Altars:
Ashenzari
Cheibriados
Dithmenos
Elyvilon
Fedhas
Gozag
Hepliaklqana
Kikubaaqudgha
Makhleb
Nemelex Xobeh
Okawaru
Qazlal
Ru
Sif Muna
Trog
Uskayaw
Vehumet
Yredelemnul
Zin
The Shining One

Shops:
D:6 }


Innate Abilities, Weirdness & Mutations

You are tiny and cannot use many weapons and most armour.
You have supernaturally acute eyesight. (SInv)
You are a herbivore.
You cover ground extremely quickly.
You need consume almost no food.


Message History

You see here 2 arrows.
The killer bee barely misses you.
There is a stone staircase leading up here.
The killer bee stings you.
You are more poisoned.
The killer bee poisons you! The killer bee stings you!
* * * LOW HITPOINT WARNING * * *
You climb upwards.
* * * LOW HITPOINT WARNING * * *
You feel sick.
There is a stone staircase leading down here.
Casting: Ensorcelled Hibernation
Confirm with . or Enter, or press ? or * to list all spells.
Aiming: Ensorcelled Hibernation
Press: ? - help, Shift-Dir - straight line, f - killer bee
Aim: a killer bee (chance to defeat MR: 60%)
The killer bee resists with significant effort.
* * * LOW HITPOINT WARNING * * *
You feel sick. The killer bee closely misses you. The killer bee stings you.
You die...

.........<...# #.#
##...#####.#.# #.#
##..######.#.# #.#
.............#############.#
.>.....###.#...............#
##..##.###.#.#############.#
#...........# #.#
#.###.###.###############.#
#.........# #y@........[[#
#####.##### #.##########)#
#.# #.#...######.## #.#
#.#.#.........# #.#
#.#...######..# ##.# #.##.##
#..# #####..# #.##.# #..#
)......########.##.#
#####..#####
#####..............#
#...........


You could see a killer bee.

Vanquished Creatures
  A hippogriff (D:7)
  An orc warrior (D:7)
  2 sky beasts (D:5)
  A phantom (D:6)
  A centaur (D:7)
  A scorpion (D:4)
  5 killer bees (D:7)
  5 wights (D:6)
  2 howler monkeys
  A crimson imp (D:6)
  2 giant frog skeletons
  An orc priest (D:3)
  2 hounds (D:4)
  2 orc wizards
  2 iguanas (D:6)
  3 worker ants
  A hound zombie (D:7)
  A howler monkey zombie (D:6)
  A worker ant zombie (D:6)
  10 adders
  A shadow imp (D:6)
  3 oozes
  2 adder skeletons
  5 worms
  A dart slug (D:5)
  4 giant geckos
  26 orcs
  5 giant cockroaches
  7 goblins
  5 hobgoblins
  6 jackals
  5 quokkas
  3 ball pythons
  11 bats
  A giant gecko zombie (D:5)
  7 giant newts
  7 kobolds
  A quokka skeleton (D:6)
  5 rats
150 creatures vanquished.

Notes
Turn   | Place    | Note
-------+----------+-------------------------------------------
     0 | D:1      | poirepourri the Spriggan Enchanter began the quest for the Orb.
     0 | D:1      | Reached XP level 1. HP: 9/9 MP: 5/5
   586 | D:1      | Reached XP level 2. HP: 9/13 MP: 6/6
   852 | D:1      | Learned a level 2 spell: Ensorcelled Hibernation
  1705 | D:2      | Reached skill level 5 in Stealth
  1705 | D:2      | Reached XP level 3. HP: 16/16 MP: 2/8
  2650 | D:2      | Found a sparkling altar of Nemelex Xobeh.
  2908 | D:3      | Reached XP level 4. HP: 21/21 MP: 7/10
  3292 | D:3      | Reached skill level 1 in Ice Magic
  3400 | D:3      | Reached XP level 5. HP: 16/24 MP: 0/11
  4069 | D:2      | Learned a level 3 spell: Confuse
  4073 | D:2      | Learned a level 3 spell: Tukima's Dance
  4263 | D:3      | Reached skill level 6 in Stealth
  4427 | D:3      | Learned a level 3 spell: Dazzling Spray
  4922 | D:4      | Reached XP level 6. HP: 28/28 MP: 10/13
  5113 | D:4      | Reached skill level 7 in Stealth
  5460 | D:4      | Reached skill level 5 in Hexes
  6059 | D:5      | Entered Level 5 of the Dungeon
  6168 | D:5      | Noticed a sky beast
  6176 | D:5      | Killed a sky beast
  6176 | D:5      | Reached skill level 8 in Stealth
  6176 | D:5      | Reached XP level 7. HP: 32/32 MP: 11/15
  6181 | D:5      | Found a snail-covered altar of Cheibriados.
  6248 | D:5      | Reached skill level 5 in Spellcasting
  6924 | D:6      | Reached skill level 9 in Stealth
  7232 | D:6      | Found Ysiol's Gadget Emporium.
  7282 | D:6      | Found an iron altar of Okawaru.
  7474 | D:6      | Found a burning altar of Makhleb.
  7731 | D:6      | Reached XP level 8. HP: 37/37 MP: 16/18
  7985 | D:6      | Found a staircase to the Ecumenical Temple.
  8015 | Temple   | Entered the Ecumenical Temple
  8102 | Temple   | Became a worshipper of Dithmenos the Shadowed
  8186 | D:6      | Reached skill level 10 in Stealth
  8519 | D:7      | Found a sacrificial altar of Ru.
  9469 | D:7      | Reached skill level 5 in Dodging
  9853 | D:7      | Reached skill level 11 in Stealth
  9892 | D:6      | Slain by a killer bee

Vault maps used:
D:1:      roderic_crop_circles_arrival_small
D:2:      nemelex_altar_shiori
D:4:      first_bread, serial_forest, infiniplex_forest_lined_room_3,
          infiniplex_forest_lined_room_2, infiniplex_forest_lined_room_,
          infiniplex_forest_zigzag_2, infiniplex_forest_clump_tiny,
          infiniplex_forest_end_2
D:5:      kennysheep_slug_shrine
D:6:      nicolae_overflow_crystal_walls, lemuel_round_altar, serial_shops,
          kennysheep_little_box
D:7:      basic_altar
Temple:   nicolae_temple_elliptical

Skill      XL: |  1  2  3  4  5  6  7  8 |
---------------+-------------------------+-----
Stealth        | 5 6 8 9 11 | 11.1
Spellcasting   | 3 4 6 7 |  7.1
Hexes          | 4 5 6 7 |  7.5
Dodging        | 4 5 |  5.4
Ice Magic      | 1 |  1.3
Short Blades   | 2 |  2.7
Fighting       | |  0.7

Action                   |  1- 3 |  4- 6 |  7- 9 || total
-------------------------+-------+-------+-------++-------
Melee: Dagger            |   110 |   113 |   114 ||   337
 Cast: Corona            |     8 |     1 |       ||     9
       Ensorcelled Hiber |    23 |    79 |    65 ||   167
       Confuse           |       |     3 |    18 ||    21
  Use: Scroll            |     3 |    10 |     8 ||    21
       Potion            |       |       |     3 ||     3
 Stab: Sleeping          |    19 |    55 |    39 ||   113
       Distracted        |     1 |       |     1 ||     2
       Confused          |       |     1 |    10 ||    11
  Eat: Pizza             |     1 |       |     2 ||     3
       Bread ration      |       |     1 |     1 ||     2
Armor: Robe              |    13 |    16 |     9 ||    38
Dodge: Dodged            |    79 |   111 |   123 ||   313
